 Dungeon Crawl Stone Soup version 0.17-a0-1714-g35622ae (webtiles) character file.

326 kae the Carver (level 6, -2/51 HPs)
             Began as a Minotaur Fighter on Aug 23, 2015.
             Slain by a gnoll (5 damage)
             ... on level 3 of the Dungeon.
             The game lasted 00:01:44 (1980 turns).

kae the Carver (Minotaur Fighter)                   Turns: 1980, Time: 00:01:45

Health: -2/51      AC:  6    Str: 21    XL:     6   Next: 24%
Magic:  5/5        EV:  7    Int:  7    God:
Gold:   55         SH:  9    Dex:  9    Spells: 0 memorised, 5 levels left

rFire  . . .     SeeInvis .     a - +0 long sword
rCold  . . .     Clarity  .     b - +0 scale mail
rNeg   . . .     SustAt   .     c - +0 shield
rPois  .         Gourm    .     (helmet restricted)
rElec  .         Spirit   .     (no cloak)
rCorr  .         Warding  .     (no gloves)
rMut   .         Stasis   .     (no boots)
MR     .....                    (no amulet)
Stlth  ..........               (no ring)
                                (no ring)

@: hasted, very quick, not resistant to hostile enchantments, extremely
unstealthy
A: retaliatory headbutt, horns 2
a: no special abilities


You were on level 3 of the Dungeon.
You were hungry.

You visited 1 branch of the dungeon, and saw 3 of its levels.

You collected 55 gold pieces.

Inventory:

Hand weapons
 a - a +0 long sword (weapon)
Armour
 b - a +0 scale mail (worn)
 c - a +0 shield (worn)
Jewellery
 p - an uncursed amulet of stasis {unknown}
Scrolls
 f - 2 scrolls of remove curse {unknown}
 h - 3 scrolls of identify {unknown}
 j - a scroll of noise {unknown}
 k - 2 scrolls of fear {unknown}
 q - 2 scrolls of teleportation {unknown}
 u - a scroll of magic mapping {unknown}
Potions
 d - a potion of might
 g - a potion of lignification {unknown}
 i - 2 potions of agility {unknown}
 l - a potion of heal wounds {unknown}
 n - 3 potions of poison {unknown}
 t - a potion of curing {unknown}
Comestibles
 e - 3 bread rations
 m - a meat ration
 r - a slice of pizza


   Skills:
 - Level 3.6 Fighting
 + Level 8.0 Long Blades
 - Level 3.6 Armour
 - Level 3.6 Shields


You had 5 spell levels left.
You didn't know any spells.

Dungeon Overview and Level Annotations

Branches:
Dungeon (3/15)

Altars:
Cheibriados
Elyvilon


Innate Abilities, Weirdness & Mutations

You reflexively headbutt those who attack you in melee.
You have a pair of horns on your head.


Message History

Your shield and scale mail prevent you from hitting the gnoll.
The gnoll is almost dead.
The gnoll hits you from afar with a halberd!
* * * LOW HITPOINT WARNING * * *
You block the gnoll's attack.
You are too injured to fight recklessly!
You are too injured to fight recklessly!
You are too injured to fight recklessly!
Unknown command.
You are too injured to fight recklessly!
You are too injured to fight recklessly!
You are too injured to fight recklessly!
You are too injured to fight recklessly!
Drink which item? (? for menu, Esc to quit)
Okay, then.
You see here a black potion.
There is an escape hatch in the floor here.
Drink which item? (? for menu, Esc to quit)
You feel yourself speed up. The gnoll hits you.
You die...

##..# #)#.### #.. #...#
#)#.# #.# #.#.###...# #..
..#..#...##### ##.
..###.....##..#### ##
##..####..##..# #..###..##
##.##..#
#.......####..#..###
###............@gg!#######
#.....#..###..##..)....#
#...##...## #.###..)......
#... ##### #......########
#..# #.#.#### #.. ....# #.
... ## ####


You could see 2 gnolls.

Vanquished Creatures
  Sigmund (D:2)
  An orc priest (D:3)
  Ijyb (D:2)
  2 gnolls (D:3)
  An adder (D:2)
  An ooze (D:3)
  2 worms
  2 giant geckos (D:1)
  7 orcs (D:3)
  2 ball pythons
  9 bats
  5 giant cockroaches
  11 hobgoblins
  3 jackals (D:1)
  A quokka (D:2)
  3 giant newts
  4 goblins
  3 kobolds (D:1)
  7 rats
66 creatures vanquished.

Notes
Turn   | Place    | Note
--------------------------------------------------------------
     0 | D:1      | kae the Minotaur Fighter began the quest for the Orb.
     0 | D:1      | Reached XP level 1. HP: 19/19 MP: 0/0
   140 | D:1      | Reached XP level 2. HP: 26/26 MP: 1/1
   607 | D:1      | Reached skill level 4 in Long Blades
   763 | D:2      | Noticed Ijyb
   776 | D:2      | Killed Ijyb
   776 | D:2      | Reached XP level 3. HP: 19/31 MP: 2/2
   970 | D:2      | Noticed Sigmund
   975 | D:2      | Killed Sigmund
   975 | D:2      | Reached skill level 7 in Long Blades
   975 | D:2      | Reached XP level 4. HP: 32/39 MP: 3/3
   975 | D:2      | Reached XP level 5. HP: 36/45 MP: 4/4
  1331 | D:2      | Found a white marble altar of Elyvilon.
  1524 | D:3      | Found a snail-covered altar of Cheibriados.
  1602 | D:3      | Reached XP level 6. HP: 29/51 MP: 5/5
  1964 | D:3      | Reached skill level 8 in Long Blades
  1975 | D:3      | HP: 2/51 [gnoll/halberd (14)]
  1980 | D:3      | Slain by a gnoll

Vault maps used:
D:1:      sevenhm_arrival_forest_fort_small_6
D:2:      roderic_roman_lattice, elyvilon_altar_1, uniq_iyjb, uniq_sigmund
D:3:      nicolae_tso_swordbearing_angel, cheibriados_altar_1, first_bread

Action                   |  1- 3 |  4- 6 || total
-------------------------+-------+-------++-------
Melee: Long sword        |    67 |   105 ||   172
  Use: Potion            |       |     1 ||     1
  Eat: Chunk             |       |     3 ||     3
